 Dungeon Crawl Stone Soup version 0.28-a0-768-g8c92f1e708 (webtiles) character file.

Game seed: 5580717300708971724

537 Gargoyl the Skirmisher (level 7, -1/60 HPs)
             Began as a Gnoll Abyssal Knight on Oct 31, 2021.
             Was a Follower of Lugonu.
             Slain by a jelly (3 damage)
             ... on level 5 of the Dungeon.
             The game lasted 00:04:52 (3930 turns).

Gargoyl the Skirmisher (Gnoll Abyssal Knight)       Turns: 3930, Time: 00:04:53

Health: -1/60      AC:  0    Str: 15    XL:     7   Next: 25%
Magic:  11/11      EV:  6    Int:  9    God:    Lugonu [*.....]
Gold:   110        SH:  0    Dex: 18    Spells: 10/10 levels left

rFire   . . .      SeeInvis .   a - +1 hand axe
rCold   . . .      Faith    .   (no shield)
rNeg    . . .      Spirit   .   d - +0 plate armour
rPois   .          Reflect  .   (no helmet)
rElec   .          Harm     .   (no cloak)
rCorr   .          Rampage  .   (no gloves)
Will    .....                   (no boots)
Stlth   ..........              (no amulet)
HPRegen 0.20/turn               c - +6 ring of dexterity
MPRegen 0.12/turn               (no ring)

@: corroded
A: fangs 1, strong nose, distributed training
a: Renounce Religion, Depart the Abyss


You were on level 5 of the Dungeon.
You worshipped Lugonu.
Lugonu was aware of your devotion.
You visited 1 branch of the dungeon, and saw 5 of its levels.
You visited the Abyss 1 time.

You collected 110 gold pieces.

Inventory:

Hand Weapons
 a - a +1 hand axe (weapon)
Missiles
 b - 8 poisoned darts (quivered)
Armour
 d - a +0 plate armour (worn)
Jewellery
 c - a +6 ring of dexterity (left hand)
Scrolls
 g - a scroll of fog
 m - a scroll of teleportation
Potions
 i - a potion of ambrosia


   Skills:
 + Level 7.0 Fighting
 + Level 2.3 Short Blades
 + Level 2.3 Long Blades
 + Level 5.2 Axes
 + Level 2.3 Maces & Flails
 + Level 2.3 Polearms
 + Level 2.3 Staves
 + Level 2.3 Slings
 + Level 2.3 Bows
 + Level 2.3 Crossbows
 + Level 2.3 Throwing
 + Level 5.2 Armour
 + Level 3.5 Dodging
 + Level 2.3 Stealth
 + Level 2.3 Shields
 + Level 2.3 Unarmed Combat
 + Level 2.3 Spellcasting
 + Level 1.9 Conjurations
 + Level 1.9 Hexes
 + Level 1.9 Summonings
 + Level 1.9 Necromancy
 + Level 1.9 Translocations
 + Level 1.9 Transmutations
 + Level 1.9 Fire Magic
 + Level 1.9 Ice Magic
 + Level 1.9 Air Magic
 + Level 1.9 Earth Magic
 + Level 1.9 Poison Magic
 + Level 5.3 Invocations
 + Level 2.3 Evocations


You had 10 spell levels left.
You didn't know any spells.
Your spell library contained the following spells:

 Spells                   Type           Power      Damage    Failure   Level
 Shock                    Conj/Air       16%        1d4       100%        1
 Summon Small Mammal      Summ           16%        N/A       100%        1
 Call Canine Familiar     Summ           4%         N/A       100%        3
 Summon Guardian Golem    Hex/Summ       4%         N/A       100%        3
 Swiftness                Air            4%         N/A       100%        3
 Airstrike                Air            2%         N/A       100%        4


Dungeon Overview and Level Annotations

Branches:
Dungeon (5/15)
 Temple: D:4-7

Altars:
Cheibriados
Nemelex Xobeh

Shops:
D:4 *


Innate Abilities, Weirdness & Mutations

You have very sharp teeth.
Your uncanny sense of smell can sniff out nearby items.
Your experience applies equally to all skills.


Message History

Throw: 11 darts (poison)
Press: ? - help, Q - select action, (/) - cycle Shift-Dir - straight line, f/p - jelly
Aim: a jelly (lightly wounded, poisoned, 90% to hit)
You throw a poisoned dart. The poisoned dart hits the jelly.
The jelly is lightly wounded.
Unknown command.
Throw: 10 darts (poison)
Press: ? - help, Q - select action, (/) - cycle Shift-Dir - straight line, f/p - jelly
Aim: a jelly (lightly wounded, poisoned, 90% to hit)
You throw a poisoned dart. The poisoned dart hits the jelly.
The jelly is lightly wounded.
Unknown command.
You hit the jelly. The acid corrodes you!
Your hands burn!
The jelly is moderately wounded.
The jelly hits you but does no damage.
You hit the jelly.
Your hands burn!
The jelly is moderately wounded.
The jelly hits you but does no damage.
You hit the jelly. The acid corrodes you!
Your hands burn!
You bite the jelly, but do no damage.
The jelly is almost dead.
The jelly hits you but does no damage.
You hit the jelly but do no damage.
Your hands burn!
* * * LOW HITPOINT WARNING * * *
The jelly is almost dead.
The jelly hits you but does no damage.
You hit the jelly. The acid corrodes you!
Your hands burn!
* * * LOW HITPOINT WARNING * * *
The jelly is almost dead.
The jelly looks more healthy.
The jelly hits you.
* * * LOW HITPOINT WARNING * * *
You are splashed with acid!
* * * LOW HITPOINT WARNING * * *
Throw: 9 darts (poison)
Press: ? - help, Q - select action, (/) - cycle Shift-Dir - straight line, f/p - jelly
Aim: a jelly (almost dead, 91% to hit)
You throw a poisoned dart. The poisoned dart hits the jelly.
The jelly is almost dead.
The jelly hits you.
You die...

###.....# #......># ##......## *
***** ##......... ** **,,,*
###..#....... ,*
*,,..****######...##....... ,***
*,,....,*#.....†####....... ,,,*
**+*#...##.....## #.......
,,,****,,,#.....@..### #.......
*,,,,**,,,#......J.#*****#.......
*,,,,,*,,,#.............###.#....
,,,,,,****#.....###(...## #.#....
,,,,**,,,,#.....**,(####***,,,,,,
,,,,*,,***#.....**,.(,,,**,,*,,**
,,,,,,,,* #.....,*,..(,,*,,,*,,**
,,,,,,,,**#....#,,,..(.,,,,,,,,,,
,,>,,,,,,,.#..**,,,,,...,,,,,,,,,


You could see a jelly.

Vanquished Creatures
  Sigmund (D:2)
  Menkaure (D:5)
  A howler monkey (D:5)
  A jelly (D:3)
  An orc priest (D:3)
  An iguana (D:4)
  An orc wizard (D:3)
  A hound skeleton (D:4)
  5 adders
  A worm (D:2)
  3 orcs
  4 endoplasms
  5 giant cockroaches
  4 goblins
  5 hobgoblins
  2 kobolds
  3 quokkas
  3 ball pythons
  7 bats
  3 rats
53 creatures vanquished.

Vanquished Creatures (others)
  2 plants (Abyss:3)
  4 starspawn tentacles (Abyss:3)
6 creatures vanquished.

Grand Total: 59 creatures vanquished

Notes
Turn   | Place    | Note
-------+----------+-------------------------------------------
     0 | Abyss:1  | Gargoyl the Gnoll Abyssal Knight began the quest for the
                  | Orb.
     0 | Abyss:1  | Reached XP level 1. HP: 23/23 MP: 3/3
    84 | Abyss:3  | Found a corrupted altar of Lugonu.
   111 | Abyss:3  | Noticed a smoke demon
   123 | Abyss:3  | Noticed a tentacled starspawn
   159 | Abyss:3  | Noticed a black mamba
   159 | Abyss:3  | Noticed a black mamba
   159 | Abyss:3  | Noticed a naga ritualist
   160 | D:1      | Escaped the Abyss
   268 | D:1      | Found a faded altar of an unknown god.
   277 | D:1      | Reached XP level 2. HP: 8/29 MP: 5/5
  1041 | D:2      | Reached XP level 3. HP: 25/35 MP: 6/6
  1174 | D:2      | Noticed Sigmund
  1203 | D:2      | Killed Sigmund
  1203 | D:2      | Reached * piety under Lugonu
  1204 | D:2      | Reached skill level 1 in Short Blades
  1204 | D:2      | Reached skill level 1 in Long Blades
  1204 | D:2      | Reached skill level 1 in Maces & Flails
  1204 | D:2      | Reached skill level 1 in Polearms
  1204 | D:2      | Reached skill level 1 in Staves
  1204 | D:2      | Reached skill level 1 in Slings
  1204 | D:2      | Reached skill level 1 in Bows
  1204 | D:2      | Reached skill level 1 in Crossbows
  1204 | D:2      | Reached skill level 1 in Throwing
  1204 | D:2      | Reached skill level 1 in Stealth
  1204 | D:2      | Reached skill level 1 in Shields
  1204 | D:2      | Reached skill level 1 in Unarmed Combat
  1204 | D:2      | Reached skill level 1 in Spellcasting
  1204 | D:2      | Reached skill level 1 in Conjurations
  1204 | D:2      | Reached skill level 1 in Hexes
  1204 | D:2      | Reached skill level 1 in Summonings
  1204 | D:2      | Reached skill level 1 in Necromancy
  1204 | D:2      | Reached skill level 1 in Translocations
  1204 | D:2      | Reached skill level 1 in Transmutations
  1204 | D:2      | Reached skill level 1 in Fire Magic
  1204 | D:2      | Reached skill level 1 in Ice Magic
  1204 | D:2      | Reached skill level 1 in Air Magic
  1204 | D:2      | Reached skill level 1 in Earth Magic
  1204 | D:2      | Reached skill level 1 in Poison Magic
  1204 | D:2      | Reached skill level 1 in Evocations
  1204 | D:2      | Reached XP level 4. HP: 36/41 MP: 7/7
  1204 | D:2      | Reached XP level 5. HP: 41/47 MP: 8/8
  1531 | D:2      | Reached skill level 5 in Invocations
  2105 | D:3      | Reached XP level 6. HP: 46/53 MP: 9/9
  2229 | D:3      | Reached skill level 5 in Axes
  2229 | D:3      | Reached skill level 5 in Armour
  2231 | D:3      | HP: 2/53 [orc priest/divine providence (13)]
  2632 | D:3      | Found a snail-covered altar of Cheibriados.
  2894 | D:4      | Found Dareaku's Assorted Antiques.
  3379 | D:4      | Found a sparkling altar of Nemelex Xobeh.
  3823 | D:5      | Entered Level 5 of the Dungeon
  3860 | D:5      | Noticed Menkaure
  3872 | D:5      | Killed Menkaure
  3873 | D:5      | Reached skill level 7 in Fighting
  3873 | D:5      | Reached XP level 7. HP: 19/60 MP: 9/11
  3928 | D:5      | HP: 2/60 [acid (8)]
  3930 | D:5      | Slain by a jelly

Illustrated notes

Levels and vault maps discovered:
D:1:      lightli_arrival_boilingwater, layout_rooms,
          ebering_ecumenical_altar_sacrificial, kennysheep_pointless_box,
          kennysheep_boxes
D:2:      layout_basic, uniq_sigmund
D:3:      layout_rooms, lemuel_tele_altar
D:4:      layout_basic, nemelex_altar_shiori, serial_shops, shop, st_stairs_12
D:5:      layout_rooms, mainiacjoe_overflow_tiny_flanked,
          nicolae_dithmenos_the_darkroom, ebering_ghost_inner_flame,
          uniq_eustachio, uniq_menkaure

Skill      XL: |  1  2  3  4  5  6 |
---------------+-------------------+-----
Short Blades   | 1 2 |  2.3
Long Blades    | 1 2 |  2.3
Maces & Flails | 1 2 |  2.3
Polearms       | 1 2 |  2.3
Staves         | 1 2 |  2.3
Slings         | 1 2 |  2.3
Bows           | 1 2 |  2.3
Crossbows      | 1 2 |  2.3
Throwing       | 1 2 |  2.3
Dodging        | 3 |  3.5
Stealth        | 1 2 |  2.3
Shields        | 1 2 |  2.3
Unarmed Combat | 1 2 |  2.3
Spellcasting   | 1 2 |  2.3
Conjurations   | 1 |  1.9
Hexes          | 1 |  1.9
Summonings     | 1 |  1.9
Necromancy     | 1 |  1.9
Translocations | 1 |  1.9
Transmutations | 1 |  1.9
Fire Magic     | 1 |  1.9
Ice Magic      | 1 |  1.9
Air Magic      | 1 |  1.9
Earth Magic    | 1 |  1.9
Poison Magic   | 1 |  1.9
Evocations     | 1 2 |  2.3
Invocations    | 5 |  5.3
Axes           | 5 |  5.2
Armour         | 5 |  5.2
Fighting       | 7 |  7.0

Action                   |  1- 3 |  4- 6 |  7- 9 || total
-------------------------+-------+-------+-------++-------
Melee: Hand axe          |    49 |   145 |     5 ||   199
       Bite              |     3 |    21 |     1 ||    25
       Punch             |       |     1 |       ||     1
Throw: Dart              |       |       |     6 ||     6
Invok: Depart the Abyss  |     1 |       |       ||     1
  Use: Scroll            |     1 |     7 |       ||     8
       Potion            |     6 |     1 |       ||     7
 Stab: Sleeping          |     2 |       |       ||     2
Armor: Leather armour    |    14 |       |       ||    14
       Ring mail         |     5 |    12 |       ||    17
       Plate armour      |       |    86 |     4 ||    90
Dodge: Dodged            |    53 |    54 |       ||   107

Table legend: (Time is in decaauts)
 A = Elapsed time spent in this place.
 B = Non-inter-level travel time spent in this place.
 C = Inter-level travel time spent in this place.
 D = Time resting spent in this place.
 E = Time spent auto-exploring this place.
 F = Levels seen in this place.
 G = Mean time per level.
                   A        B        C        D        E       F      G
               +--------+--------+--------+--------+--------+-----+--------+
         Total |   3925 |   3843 |     82 |      0 |   3142 |   8 |  490.6 |
       Dungeon |   3765 |   3683 |     82 |      0 |   3074 |   5 |  753.0 |
         Abyss |    160 |    160 |      0 |      0 |     68 |   3 |   53.3 |
               +--------+--------+--------+--------+--------+-----+--------+

Top non-repeatable levels by time:
     D:2: 1065 daAuts
     D:4: 929 daAuts
     D:1: 868 daAuts
     D:3: 794 daAuts
     D:5: 107 daAuts
 Abyss:3: 77 daAuts
 Abyss:2: 46 daAuts
 Abyss:1: 36 daAuts
